 Dungeon Crawl Stone Soup version 0.23.2-40-g277498a001 (webtiles) character file.

Game seed: 5908441915129374680

75 Curus the Poker (level 4, -2/39 HPs)
             Began as a Minotaur Monk on Oct 13, 2019.
             Killed by nerve-wracking pain
             ... invoked by Jessica
              (5 damage)
             ... on level 2 of the Dungeon.
             The game lasted 00:03:55 (1089 turns).

Curus the Poker (Minotaur Monk)                     Turns: 1089, Time: 00:03:55

Health: -2/39      AC:  5    Str: 15    XL:     4   Next: 11%
Magic:  3/3        EV: 12    Int:  7    God:
Gold:   55         SH:  0    Dex: 14    Spells: 3/3 levels left

rFire    . . .     SeeInvis .   a - +0 spear
rCold    . . .     Gourm    .   (no shield)
rNeg     . . .     Faith    .   d - +0 ring mail
rPois    .         Spirit   .   (helmet restricted)
rElec    .         Reflect  .   (no cloak)
rCorr    .         Harm     .   (no gloves)
MR       .....                  (no boots)
Stlth    +.........             e - amulet of magic regeneration
HPRegen  0.13/turn              (no ring)
MPRegen  0.33/turn              (no ring)

@: lethally poisoned (-2 -> -5)
A: retaliatory headbutt, horns 2
a: no special abilities


You were on level 2 of the Dungeon.
You were not hungry.

You visited 1 branch of the dungeon, and saw 2 of its levels.

You collected 55 gold pieces.

Inventory:

Hand Weapons
 a - a +0 spear (weapon)
Armour
 b - a +0 robe
 d - a +0 ring mail (worn)
Jewellery
 e - an amulet of magic regeneration (around neck)
Scrolls
 f - a scroll of magic mapping
Comestibles
 c - 2 rations
 g - a chunk of flesh


   Skills:
 - Level 3.6 Fighting
 + Level 6.1 Polearms
 - Level 3.2 Dodging
 - Level 1.5 Stealth


You had 3 spell levels left.
You didn't know any spells.
Your spell library was empty.

Dungeon Overview and Level Annotations

Branches:
Dungeon (2/15)

Altars:

Annotations:
D:2 Jessica


Innate Abilities, Weirdness & Mutations

You reflexively headbutt those who attack you in melee.
You have a pair of horns on your head.


Message History

You headbutt the worker ant. Jessica closely misses you.
You hit the worker ant but do no damage.
Your headbutt misses the worker ant.
The worker ant is almost dead.
The worker ant bites you.
* * * LOW HITPOINT WARNING * * *
You are lethally poisoned!
The worker ant poisons you! Jessica hits you but does no damage.
You barely miss the worker ant. You headbutt the worker ant.
You kill the worker ant!
Your Polearms skill increases to level 6!
You have reached level 4!
You feel agile.
* * * LOW HITPOINT WARNING * * *
You feel sick. Jessica hits you but does no damage.
You barely miss Jessica. Your headbutt misses Jessica.
Jessica is heavily wounded.
Jessica points at you and mumbles some strange words.
Pain shoots through your body!
You die...

#...........#........#
.......÷....[..#.....#
##...#......#.####.#.#
#...#....#..... .....
##...###.##...####.####
...............# #
##.#.###(##...####
#......(##@.....#
#.#....K†@....#
#.#######...# .. ..#
≈≈≈ ## ##


You could see Jessica and a kobold.

Vanquished Creatures
  A worker ant (D:2)
  Natasha (D:2)
  A leopard gecko (D:1)
  A giant cockroach (D:1)
  5 goblins (D:1)
  3 hobgoblins (D:1)
  A quokka (D:2)
  A ball python (D:1)
  4 bats (D:1)
  3 frilled lizards (D:1)
  2 kobolds (D:1)
  A rat (D:1)
24 creatures vanquished.

Notes
Turn   | Place    | Note
-------+----------+-------------------------------------------
     0 | D:1      | Curus the Minotaur Monk began the quest for the Orb.
     0 | D:1      | Reached XP level 1. HP: 19/19 MP: 0/0
   170 | D:1      | Reached skill level 4 in Polearms
   228 | D:1      | Reached XP level 2. HP: 26/26 MP: 1/1
   691 | D:1      | Reached skill level 5 in Polearms
   858 | D:2      | Noticed Natasha
   865 | D:2      | Killed Natasha
   865 | D:2      | Reached XP level 3. HP: 16/31 MP: 2/2
  1075 | D:2      | Noticed Jessica
  1088 | D:2      | Reached skill level 6 in Polearms
  1088 | D:2      | Reached XP level 4. HP: 4/39 MP: 3/3
  1089 | D:2      | Killed from afar by Jessica

Skill      XL: |  1  2  3 |
---------------+----------+-----
Polearms       | 4 5 6 |  6.1
Fighting       | |  3.6
Dodging        | |  3.2
Stealth        | |  1.5

Action                   |  1- 3 |  4- 6 || total
-------------------------+-------+-------++-------
Melee: Spear             |    95 |     1 ||    96
       Headbutt          |     6 |       ||     6
  Use: Scroll            |     2 |       ||     2
 Stab: Sleeping          |     1 |       ||     1
  Eat: Chunk             |     1 |       ||     1
Armor: Robe              |     2 |       ||     2
       Ring mail         |    22 |       ||    22
Dodge: Dodged            |    33 |       ||    33
